AoeStats
← kHaNbHaI

Arena

509957679Analyzed
4v4 RM · 4d ago on Sep 28, 2026· 60m 13s· 8 players
Game mode
Random Map
Map size
Large (8 player)
Population
200
Speed
Normal
Resources
Standard
Victory
Conquest
Starting age
Dark Age
Ending age
Imperial Age
RankedLock teamsTeams togetherTeam positionsShared explorationLock speedFull tech treeHidden civsTurbo modeCheats
Victory
Defeat
🇬🇧 Gurjaras · United Kingdom
904
+14
🇲🇽 Chinese · Mexico
857
+16
🇩🇪 Varangians · Germany
841
+17
🇦🇷 Slavs · Argentina
836
+17
🇹🇼 Danes · Taiwan
923
-18
🇦🇷 Persians · Argentina
911
-18
🇦🇷 Magyars · Argentina
858
-16
🇲🇦 Franks · Morocco
761
-12
VicRoldanG
0:42 Loom
11:32 Feudal Age
16:35 Castle Age
14:28 Double-Bit Axe
15:45 Stone Mining
16:21 Horse Collar
20:08 Fletching
25:52 Bodkin Arrow
31:39 Padded Archer Armor
34:41 Leather Archer Armor
37:56 Wheelbarrow
45:19 Imperial Age
44:28 Hand Cart
46:17 Bow Saw
45:38 Capped Ram
48:05 Two-Man Saw
47:23 Forging
48:19 Light Cavalry
49:10 Bloodlines
52:46 Scale Barding Armor
54:29 Pikeman
kHaNbHaI
12:47 Feudal Age
13:43 Double-Bit Axe
21:09 Castle Age
19:50 Gold Mining
19:43 Horse Collar
19:56 Stone Mining
23:11 Stone Shaft Mining
24:44 Bow Saw
24:37 Heavy Plow
25:34 Pikeman
26:15 Squires
28:13 Wheelbarrow
27:23 Town Watch
29:17 Hand Cart
33:17 Town Patrol
33:31 Forging
33:22 Scale Mail Armor
34:07 Loom
35:07 Iron Casting
34:39 Scale Barding Armor
37:10 Arson
42:41 Imperial Age
41:40 Chain Mail Armor
41:17 Fletching
43:27 Elite Varangian Guard
45:26 Conscription
45:30 Gothikon
46:42 Halberdier
48:20 Elite Varangian Guard
54:53 Blast Furnace
53:49 Bodkin Arrow
54:24 Plate Mail Armor
55:10 Two-Man Saw
JUSTICIA
10:17 Feudal Age
13:28 Wheelbarrow
12:58 Double-Bit Axe
13:12 Horse Collar
18:10 Castle Age
17:41 Stone Mining
22:02 Bow Saw
25:12 Pikeman
25:52 Squires
25:57 Scale Mail Armor
26:39 Man-at-Arms
27:38 Long Swordsman
29:29 Forging
29:12 Fletching
29:28 Scale Barding Armor
29:38 Detinets
30:56 Murder Holes
31:14 Fortified Wall
35:52 Imperial Age
36:55 Iron Casting
36:16 Bodkin Arrow
36:37 Chain Mail Armor
36:42 Chain Barding Armor
36:09 Heavy Scorpion
38:06 Capped Ram
38:27 Two-Handed Swordsman
41:05 Gold Mining
41:23 Siege Engineers
42:19 Chemistry
42:55 Blast Furnace
47:42 Champion
47:42 Halberdier
49:01 Plate Barding Armor
48:57 Plate Mail Armor
50:44 Siege Ram
Asturon
10:31 Feudal Age
11:30 Double-Bit Axe
11:29 Horse Collar
13:21 Stone Mining
19:07 Castle Age
17:35 Gold Mining
20:34 Heavy Plow
20:47 Bow Saw
21:19 Gold Shaft Mining
21:40 Wheelbarrow
20:54 Loom
25:20 Hand Cart
31:13 Imperial Age
28:54 Kshatriyas
29:37 Forging
29:33 Scale Barding Armor
30:00 Husbandry
30:10 Bloodlines
30:40 Town Watch
31:48 Iron Casting
31:33 Chain Barding Armor
32:50 Crop Rotation
32:27 Heavy Camel Rider
34:19 Plate Barding Armor
34:46 Conscription
35:21 Scale Mail Armor
39:07 Elite Shrivamsha Rider
41:54 Elite Chakram Thrower
43:01 Chain Mail Armor
42:38 Arson
60:35 Town Patrol
GLORY MUSTAF
11:34 Feudal Age
11:07 Loom
13:58 Double-Bit Axe
18:52 Castle Age
18:27 Man-at-Arms
18:54 Arson
19:37 Scale Mail Armor
19:48 Forging
20:28 Squires
21:30 Bow Saw
22:27 Pikeman
23:07 Gambesons
27:06 Long Swordsman
28:25 Light Cavalry
29:48 Gold Mining
34:02 Husbandry
37:39 Scale Barding Armor
(Terry-Fox)
1:01 Loom
14:56 Feudal Age
18:04 Fletching
18:15 Padded Archer Armor
18:41 Double-Bit Axe
22:09 Castle Age
21:17 Gold Mining
21:16 Horse Collar
22:31 Stone Mining
23:07 Bow Saw
23:14 Caravan
27:04 Heavy Plow
28:54 Bodkin Arrow
29:15 Leather Archer Armor
30:07 Gold Shaft Mining
30:44 Ballistics
30:20 Murder Holes
30:07 Treadmill Crane
32:40 Husbandry
32:51 Bloodlines
39:15 Imperial Age
37:36 Fervor
40:57 Chemistry
39:20 Heavy Cavalry Archer
40:29 Parthian Tactics
40:06 Recurve Bow
40:40 Bracer
Aledecr
11:02 Feudal Age
18:35 Castle Age
17:11 Wheelbarrow
16:36 Double-Bit Axe
16:56 Horse Collar
17:15 Gold Mining
20:44 Fletching
29:09 Bodkin Arrow
29:15 Padded Archer Armor
28:46 Elite Skirmisher
30:36 Thumb Ring
30:45 Stone Mining
35:55 Imperial Age
33:40 Heavy Plow
34:11 Kamandaran
35:13 Heavy Plow
36:21 Onager
39:47 Leather Archer Armor
41:26 Elite War Elephant
42:18 Citadels
42:11 Crossbowman
43:28 Murder Holes
44:34 Chemistry
43:55 Ballistics
44:10 Ring Archer Armor
46:15 Hand Cart
53:08 Heavy Camel Rider
54:16 Bloodlines
YJHAN
0:57 Loom
9:30 Feudal Age
10:13 Double-Bit Axe
10:11 Horse Collar
17:38 Castle Age
20:32 Arson
23:02 Heavy Plow
24:02 Pikeman
27:42 Squires
28:39 Wheelbarrow
32:30 Forging
32:39 Fletching
32:22 Elite Skirmisher
34:06 Town Watch
36:26 Thumb Ring
39:46 Hamask
43:07 Gold Mining
43:08 Stone Mining
46:55 Iron Casting
46:20 Scale Mail Armor
46:16 Bodkin Arrow
50:48 Imperial Age
51:12 Elite Varangian Guard
52:50 Conscription
54:41 Elite Jomsviking
55:58 Hoardings
Connection lost

Rejoining the realm…

Still unreachable

The connection could not be restored.

Session expired

The server has moved on; the page needs a fresh start.